 Dungeon Sprint DCSS version bcrawl-1.12.2 (webtiles) character file.

Game seed: 14529076093457706350

630 Anmu the Blocker (level 7, 0/66 HPs)
             Began as a Formicid Fighter on July 22, 2019.
             Was an Initiate of Qazlal.
             Slain by a rust devil (6 damage)
             ... summoned by a kobold demonologist
             ... in the Dungeon (Sprint I: "Red Sonja").
             The game lasted 00:04:27 (482 turns).

Anmu the Blocker (Formicid Fighter)                  Turns: 482, Time: 00:04:27

Health: 0/66       AC: -4    Str: 20    XL:     7   Next: 77%
Magic:  7/7        EV:  8    Int:  8    God:    Qazlal [......]
Gold:   415        SH: 12    Dex: 12    Spells: 6/6 levels left

rFire    . . .     SeeInvis +   a - +0 war axe
rCold    . . .     Gourm    .   c - +0 shield
rNeg     . . .     Faith    .   l - +0 chain mail
rPois    .         Spirit   .   (helmet unavailable)
rElec    .         Reflect  .   (no cloak)
rCorr    .         Harm     .   (no gloves)
MR       .....                  (no boots)
Stlth    ..........             (no amulet)
HPRegen  0.21/turn              (no ring)
MPRegen  0.10/turn              (no ring)

@: corroded
A: permanent stasis, dig shafts and tunnels, four strong arms, antennae 3
a: Dig, Renounce Religion


You were in the Dungeon.
You worshipped Qazlal.
Qazlal was noncommittal.
You were not hungry.

You visited 1 branch You collected 415 gold pieces.

Inventory:

Hand Weapons
 a - a +0 war axe (weapon)
Armour
 c - a +0 shield (worn)
 l - a +0 chain mail (worn)
Wands
 d - a wand of polymorph (4)
Scrolls
 k - a scroll of blinking
Potions
 e - a potion of curing
 h - a potion of haste
 i - 2 potions of magic
 j - a potion of berserk rage
Comestibles
 f - a ration {!d}


   Skills:
 + Level 10.2 Fighting
 + Level 6.1 Axes
 + Level 9.6 Armour
 + Level 0.6 Dodging
 + Level 10.3 Shields


You had 6 spell levels left.
You didn't know any spells.
Your spell library was empty.

Dungeon Overview and Level Annotations

Branches:
Dungeon (1/1)

Altars:
Cheibriados
Dithmenos
Elyvilon
Fedhas
Gozag
Hepliaklqana
Kikubaaqudgha
Lugonu
Makhleb
Nemelex Xobeh
Okawaru
Qazlal
Ru
Sif Muna
Trog
Uskayaw
Vehumet
Wu Jian
Xom
Yredelemnul
Zin
The Shining One
Jiyva

Shops:
D :


Innate Abilities, Weirdness & Mutations

You cannot be hasted, slowed, berserked, paralysed or teleported.
You can dig through walls and to a lower floor.
Your four strong arms can wield two-handed weapons with a shield.
You have a pair of large antennae on your head. (SInv)


Message History

* * * LOW HITPOINT WARNING * * *
The rust devil corrodes you!
You block the kobold demonologist's attack.
You miss the kobold demonologist.
The kobold demonologist is severely wounded.
You hit the rust devil but do no damage.
Your chain mail prevents you from hitting the white imp.
The floating eye gazes piercingly through you!
Your stasis prevents you from being paralysed.
The white imp gestures at you. The puff of frost hits you!
* * * LOW HITPOINT WARNING * * *
You block the rust devil's attack.
The crimson imp blinks!
The kobold demonologist hits you but does no damage.
You hit the kobold demonologist but do no damage.
The kobold demonologist is severely wounded.
You hit the rust devil but do no damage.
Your chain mail prevents you from hitting the white imp.
You block the white imp's attack. The rust devil hits you.
You die...

#####################
)').#..'..#__#§.@KK4#
.#..)..#..'..'.5#4G5#
###'#####5#__####44.+{{
##..#...#[#### ####{{
_#.##..##.# {
____##'#_.+ {
.∩...'..._# {
..__##_.#+# ____###+#


You could see an ice devil, 2 rust devils, 2 kobold demonologists, a chaos
spawn, a floating eye, a crimson imp, a white imp and a shadow imp.

Vanquished Creatures
  A slime creature (D)
  Sigmund (D)
  A yak (D)
  An ogre (D)
  A jelly (D)
  Ijyb (D)
6 creatures vanquished.

Notes
Turn   | Place    | Note
-------+----------+-------------------------------------------
     0 | D        | Anmu the Formicid Fighter began the quest for the Orb.
     0 | D        | Reached XP level 1. HP: 18/18 MP: 1/1
     3 | D        | Found a white marble altar of Elyvilon.
     3 | D        | Found a glowing silver altar of Zin.
     3 | D        | Found a glowing golden altar of the Shining One.
     3 | D        | Found an iron altar of Okawaru.
     3 | D        | Found a bloodstained altar of Trog.
     3 | D        | Found a blossoming altar of Fedhas.
     3 | D        | Found a stormy altar of Qazlal.
     3 | D        | Found an ancient bone altar of Kikubaaqudgha.
     3 | D        | Found Jocwor's Book Emporium.
     3 | D        | Found a basalt altar of Yredelemnul.
     3 | D        | Found a hide-covered altar of Uskayaw.
     3 | D        | Found a hazy altar of Hepliaklqana.
     3 | D        | Found a shadowy altar of Dithmenos.
     3 | D        | Found a sacrificial altar of Ru.
     3 | D        | Found a snail-covered altar of Cheibriados.
     3 | D        | Found an opulent altar of Gozag.
     3 | D        | Found a sparkling altar of Nemelex Xobeh.
     3 | D        | Noticed a yak
    11 | D        | Killed a yak
    11 | D        | Reached XP level 2. HP: 30/31 MP: 2/2
    11 | D        | Reached XP level 3. HP: 35/36 MP: 3/3
    11 | D        | Reached XP level 4. HP: 42/43 MP: 4/4
    11 | D        | Reached XP level 5. HP: 47/48 MP: 5/5
    16 | D        | Noticed Ijyb
    21 | D        | Killed Ijyb
    24 | D        | Noticed an ogre
    29 | D        | HP: 2/48 [ogre/+0 giant club (19)]
    31 | D        | Killed an ogre
    31 | D        | Reached XP level 6. HP: 3/56 MP: 6/6
    35 | D        | Noticed Sigmund
    44 | D        | Killed Sigmund
    44 | D        | Reached skill level 5 in Axes
    44 | D        | Reached XP level 7. HP: 21/64 MP: 7/7
    60 | D        | Became a worshipper of Qazlal Stormbringer
   255 | D        | Found a deep blue altar of Sif Muna.
   255 | D        | Found a radiant altar of Vehumet.
   255 | D        | Found an ornate altar of the Wu Jian Council.
   321 | D        | Found a burning altar of Makhleb.
   321 | D        | Found a viscous altar of Jiyva.
   321 | D        | Found a shimmering altar of Xom.
   321 | D        | Found a corrupted altar of Lugonu.
   321 | D        | Noticed a slime creature
   330 | D        | Killed a slime creature
   330 | D        | Reached skill level 10 in Fighting
   330 | D        | Reached skill level 10 in Shields
   464 | D        | Noticed a kobold demonologist
   468 | D        | Noticed a rust devil
   468 | D        | Noticed a kobold demonologist
   469 | D        | Noticed a chaos spawn
   475 | D        | Noticed an ice devil
   477 | D        | Noticed a rust devil
   482 | D        | Slain by a rust devil

Skill      XL: |  1  2  3  4  5  6  7 |
---------------+----------------------+-----
Fighting       | 7 8 9 10 | 10.2
Axes           | 3 4 5 6 |  6.1
Armour         | 6 7 8 9 |  9.6
Shields        | 7 8 9 10 | 10.3
Dodging        | |  0.6

Action                   |  1- 3 |  4- 6 |  7- 9 || total
-------------------------+-------+-------+-------++-------
Melee: War axe           |     5 |    13 |    22 ||    40
 Abil: Dig               |     1 |       |     1 ||     2
  Use: Potion            |     1 |     1 |     1 ||     3
Armor: Scale mail        |     1 |     3 |     1 ||     5
       Chain mail        |       |       |     2 ||     2
Dodge: Dodged            |     1 |     5 |     5 ||    11
Block: Shield            |     4 |     2 |    18 ||    24
